 Dungeon Crawl Stone Soup version 0.28.0-53-g5a82cb258f (webtiles) character file.

Game seed: 9162355417005055630

877 Stomo the Shield-Bearer (level 8, -1/42 HPs)
             Began as a Vine Stalker Fighter on July 2, 2022.
             Succumbed to Sigmund's poison
             ... on level 4 of the Dungeon.
             The game lasted 00:06:07 (3234 turns).

Stomo the Shield-Bearer (Vine Stalker Fighter)      Turns: 3234, Time: 00:06:07

Health: -1/42      AC:  9    Str: 21    XL:     8   Next: 4%
Magic:  8/9        EV: 10    Int:  8    God:
Gold:   174        SH:  5    Dex: 14    Spells: 7/7 levels left

rFire   . . .      SeeInvis .   v - +2 whip (flame)
rCold   . . .      Faith    .   c - +0 buckler
rNeg    . . .      Spirit   +   b - +0 scale mail
rPois   .          Reflect  .   (no helmet)
rElec   .          Harm     .   t - +0 cloak
rCorr   .          Rampage  .   h - +0 pair of gloves
Will    +....                   (no boots)
Stlth   ..........              (no amulet)
HPRegen 0.94/turn               (no ring)
MPRegen 0.11/turn               (no ring)

@: lethally poisoned (-1 -> -14)
A: fangs 3, regeneration 1, magic shield, antimagic bite, no potion heal 2
a: no special abilities


You were on level 4 of the Dungeon.
You visited 1 branch of the dungeon, and saw 4 of its levels.

You collected 174 gold pieces.

Inventory:

Hand Weapons
 a - a +0 flail
 m - a +0 whip
 v - a +2 whip of flaming (weapon)
Armour
 b - a +0 scale mail (worn)
 c - a +0 buckler (worn)
 h - a +0 pair of gloves (worn)
 t - a +0 cloak (worn)
 u - a +0 helmet
Jewellery
 o - a ring of positive energy
Wands
 g - a wand of flame (16)
 r - a wand of iceblast (11)
Scrolls
 e - a scroll of identify
 i - 2 scrolls of teleportation
 j - a scroll of vulnerability
 p - 2 scrolls of immolation
 q - a scroll of fear
Potions
 d - a potion of might
 f - a potion of attraction
 n - a potion of resistance {unknown}


   Skills:
 + Level 4.4 Fighting
 + Level 3.9 Maces & Flails
 + Level 4.0 Armour
 + Level 3.0 Dodging
 + Level 4.5 Shields


You had 7 spell levels left.
You didn't know any spells.
Your spell library contained the following spells:

 Spells                   Type           Power      Damage    Failure   Level
 Inner Flame              Hex/Fire       0%         N/A       99%         3
 Cause Fear               Hex            0%         N/A       100%        4
 Olgreb's Toxic Radiance  Pois           0%         N/A       100%        4
 Ozocubu's Refrigeration  Ice            0%         4d5       100%        7
 Discord                  Hex            0%         N/A       100%        8
 Ignition                 Fire           0%         3d3       100%        8


Dungeon Overview and Level Annotations

Branches:
Dungeon (4/15)
 Temple: D:4-7

Altars:
Gozag

Annotations:
D:4 Sigmund


Innate Abilities, Weirdness & Mutations

You have razor-sharp teeth.
Your natural rate of healing is unusually fast.
When hurt, damage is shared between your health and your magic reserves.
Your bite disrupts and absorbs the magic of your enemies.
Potions cannot restore your health.


Message History

Sigmund flickers and vanishes!
Deactivating autopickup; reactivate with Ctrl-A.
You block the jackal skeleton's attack.
You hit the jackal skeleton. You burn the jackal skeleton.
You bite the jackal skeleton.
You destroy the jackal skeleton!
Something hits you.
You are poisoned.
You feel very sick.
You hear some strange, mumbled words.
You are confused.
You feel sick. Something hits you but does no damage.
You are more poisoned.
You miss something.
You feel very sick.
Unknown command.
You hit something. You burn something.
You feel sick. Something hits you.
You are more poisoned.
You hit something. You burn something.
You feel very sick. Something hits you but does no damage.
You are more poisoned.
You feel very sick.
You bump into the rock wall.
You feel very sick. Something hits you but does no damage.
You are more poisoned.
You're too confused to move!
You feel less confused.
You feel very sick. Something hits you but does no damage.
You are lethally poisoned!
Unknown command.
* * * LOW HITPOINT WARNING * * *
You feel extremely sick.
There is a stone staircase leading up here.
* * * LOW HITPOINT WARNING * * *
You feel very sick.
It was a potion of cancellation.
You feel magically purged.
You die...

......#...Z.#..###
#.###...###.#...# #.#
##......#.#.# #.#
#..###.{.#.# #.#
##.....###.# #.#
#.......#.# #.#
#..#####...#########
#.####.### #..<......<.>
..............##@#.######
..##..##########.#...
.....###### #...####..
.#...##...####.#..###....
...#..#..................
(........##.#.##.###.####
#.###.##.##.#.##.###.####.
#.. #)##.##....[.........
.
##.##)<#.##.#.#.##.###.##.


There were no monsters in sight!

Vanquished Creatures
  Pikel (D:3)
  A sky beast (D:3)
  2 lemures
  A phantom (D:4)
  An orc priest (D:4)
  Ijyb (D:4)
  Robin (D:3)
  6 adders
  An adder skeleton (D:4)
  2 worms
  3 dart slugs
  12 orcs
  11 bats
  11 endoplasms
  7 giant cockroaches
  20 goblins
  7 hobgoblins
  9 jackals
  9 kobolds
  4 quokkas
  5 ball pythons
  5 frilled lizards
  A jackal skeleton (D:4)
  5 rats
126 creatures vanquished.

Notes
Turn   | Place    | Note
-------+----------+-------------------------------------------
     0 | D:1      | Stomo the Vine Stalker Fighter began the quest for the Orb.
     0 | D:1      | Reached XP level 1. HP: 11/11 MP: 2/2
   198 | D:1      | Reached XP level 2. HP: 16/16 MP: 3/3
   624 | D:1      | Reached XP level 3. HP: 11/19 MP: 2/4
   942 | D:1      | Found a faded altar of an unknown god.
  1173 | D:2      | Found an opulent altar of Gozag.
  1253 | D:2      | Reached skill level 1 in Dodging
  1469 | D:2      | Gained mutation: Your natural rate of healing is unusually
                  | fast. [Vine Stalker growth]
  1469 | D:2      | Reached XP level 4. HP: 23/24 MP: 5/5
  2208 | D:3      | Reached XP level 5. HP: 28/28 MP: 6/6
  2683 | D:4      | Noticed a sky beast
  2685 | D:4      | Noticed Robin
  2696 | D:3      | Killed a sky beast
  2697 | D:3      | Reached XP level 6. HP: 15/32 MP: 4/7
  2767 | D:3      | Killed Robin
  2787 | D:4      | Noticed Pikel
  2809 | D:4      | HP: 1/33 [Pikel/+2 whip of flaming (2)]
  2941 | D:3      | Killed Pikel
  2942 | D:3      | Reached XP level 7. HP: 22/38 MP: 1/8
  3086 | D:4      | Noticed Ijyb
  3102 | D:4      | Killed Ijyb
  3103 | D:4      | Gained mutation: You have razor-sharp teeth. [Vine Stalker
                  | growth]
  3103 | D:4      | Reached XP level 8. HP: 38/42 MP: 9/9
  3151 | D:4      | Noticed Sigmund
  3234 | D:4      | Succumbed to Sigmund's poison

Illustrated notes

Levels and vault maps discovered:
D:1:      ebering_hopf_link, layout_rooms,
          shapermc_ecumenical_altar_mp_highgroup, minmay_quantized
D:2:      layout_basic, basic_altar
D:3:      layout_loops_cross, serial_rivers, chequers_serial_rivers_large_a,
          chequers_serial_rivers_marsh, chequers_serial_rivers_micro_c,
          chequers_serial_rivers_small_a, chequers_serial_rivers_small_3,
          minmay_vboxes
D:4:      layout_rooms, minmay_misc_feat_columns, minmay_diced_spiral,
          uniq_blork_the_orc, uniq_ijyb, uniq_robin, uniq_pikel, uniq_sigmund

Skill      XL: |  1  2  3  4  5  6  7  8 |
---------------+-------------------------+-----
Maces & Flails | 2 3 |  3.9
Fighting       | 3 4 |  4.4
Shields        | 3 4 |  4.5
Dodging        | 1 2 3 |  3.0
Armour         | 3 4 |  4.0

Action                   |  1- 3 |  4- 6 |  7- 9 || total
-------------------------+-------+-------+-------++-------
Melee: Flail             |   118 |   226 |       ||   344
       Bite              |    27 |    51 |    12 ||    90
       Whip              |       |       |    47 ||    47
  Use: Scroll            |       |       |     8 ||     8
       Potion            |       |       |     1 ||     1
Armor: Scale mail        |    81 |   150 |    19 ||   250
Dodge: Dodged            |    59 |   135 |    23 ||   217
Block: Buckler           |    38 |    71 |     7 ||   116
